Map: Долина кактусов РВ (Void)

Players

Shame - Winner!

  • Race: Zerg Zerg
  • League: Master
  • Spawn Location: 7:00

SliTaz

  • Race: Zerg Zerg
  • Spawn Location: 11:00

VOD

Have the link to the VOD?

Description

Time

  • Played on: Feb. 20, 2017, 1:03 p.m.
  • Length: 5:02
Show
View Real Time Build Order
Export as new Build Order

Shame Zerg - Winner!

Build Orders: Pool First, Zergling Baneling 

Get SALT Encoding   

  12  0:00  Drone  
  13  0:12  Overlord  
  13  0:17  Drone  
  14  0:30  Drone x2  
  14  0:34  Drone  
  17  0:44  Extractor  
  17  0:45  Drone  
  17  0:51  Spawning Pool  
  17  0:56  Drone  
  17  1:14  Drone  
  18  1:20  Hatchery  
  17  1:37  Zergling x2  
  17  1:38  Zergling x2  
  19  1:44  Queen  
  19  1:46  Metabolic Boost  
  21  1:51  Drone  
  22  1:58  Overlord  
  22  2:20  Zergling x4, Baneling Nest  
  23  2:25  Drone  
  24  2:33  Queen  
  24  2:34  Drone  
  24  2:35  Drone  
  27  2:45  Zergling x4  
  29  2:54  Zergling x2  
  29  2:55  Zergling x4  
  29  2:58  Drone  
  33  3:03  Baneling x3  
  33  3:05  Baneling  
  33  3:06  Zergling x2  
  33  3:12  Drone  
  35  3:18  Overlord  
  32  3:34  Zergling x4  
  32  3:35  Zergling x2  
  32  3:38  Baneling  
  32  3:39  Baneling  
  35  3:48  Zergling x6  
  35  3:49  Zergling x2  
  35  3:50  Zergling x8  
  40  4:03  Zergling x2  
  40  4:04  Zergling x2  
  40  4:06  Baneling  
  40  4:09  Zergling x4  
  42  4:14  Zergling x2  
  42  4:15  Zergling x4  
  42  4:16  Baneling  
  36  4:25  Zergling x4  
  36  4:28  Baneling x2  
  36  4:29  Baneling  
  36  4:31  Zergling x2  
  39  4:35  Zergling x2  
  40  4:42  Zergling x4  
  40  4:43  Zergling x2  
  43  4:47  Baneling x3  
Show
View Real Time Build Order
Export as new Build Order

SliTaz Zerg 

Build Orders: Pool First 

Get SALT Encoding   

  12  0:07  Drone  
  12  0:12  Overlord  
  13  0:18  Drone  
  14  0:31  Drone x2  
  16  0:40  Drone  
  17  0:45  Spawning Pool  
  16  0:50  Drone  
  17  1:01  Drone  
  18  1:12  Hatchery  
  18  1:16  Extractor  
  18  1:17  Drone  
  17  1:23  Drone  
  18  1:33  Queen  
  18  1:34  Zergling x2  
  21  1:44  Overlord  
  21  1:55  Drone  
  22  2:08  Zergling x2  
  22  2:09  Queen  
  25  2:19  Drone  
  26  2:26  Queen  
  28  2:33  Metabolic Boost  
  28  2:35  Drone x3  
  30  2:47  Zergling x10  
  35  2:53  Baneling Nest  
  35  2:57  Overlord  
  34  3:14  Drone x2  
  36  3:25  Zergling x10  
  41  3:32  Zergling x4  
  41  3:33  Zergling x6  
  39  3:40  Baneling x2  
  34  3:46  Zergling x2  
  34  3:47  Zergling x2  
  33  4:00  Zergling x6  
  34  4:07  Queen  
  30  4:19  Zergling x10  
  33  4:28  Drone x3  
  35  4:33  Baneling x3  
  35  4:34  Baneling  
  35  4:45  Zergling x6  
Tags
 
Add a new tag
Caveats
  • Supply blocks, unpowered buildings, or Contaminate may cause inaccurate times.
  • Supply counts are checked every 10 seconds.